 Dungeon Crawl Stone Soup version 0.23.2-1-ga50397a6bc (webtiles) character file.

Game seed: 6800111075328576423

4526 Foic the Blocker (level 10, 0/80 HPs)
             Began as a Formicid Fighter on May 18, 2019.
             Was a Believer of Nemelex Xobeh.
             Slain by a two-headed ogre
             ... wielding a +0 giant club
              (4 damage)
             ... on level 8 of the Dungeon.
             The game lasted 00:28:28 (6807 turns).

Foic the Blocker (Formicid Fighter)                 Turns: 6807, Time: 00:28:29

Health: 0/80       AC: 19    Str: 21    XL:     10   Next: 66%
Magic:  10/10      EV:  7    Int:  9    God:    Nemelex Xobeh [**....]
Gold:   535        SH: 12    Dex: 12    Spells: 9/9 levels left

rFire    + . .     SeeInvis +   a - +0 war axe
rCold    . . .     Gourm    .   c - +0 shield
rNeg     . . .     Faith    .   F - +0 plate armour
rPois    .         Spirit   .   (helmet unavailable)
rElec    .         Reflect  .   e - +2 cloak
rCorr    .         Harm     .   (no gloves)
MR       ++...     Clarity  +   s - +0 pair of boots (curse)
Stlth    ..........             l - amulet of regeneration
HPRegen  0.63/turn              h - ring of protection from fire
MPRegen  0.12/turn              t - ring of protection from magic

@: no status effects
A: permanent stasis, dig shafts and tunnels, four strong arms, antennae 3,
yellow scales 1, clarity
a: Dig, Shaft Self, Draw Escape, Draw Destruction, Draw Summoning, Renounce
Religion


You were on level 8 of the Dungeon.
You worshipped Nemelex Xobeh.
Nemelex Xobeh was pleased with you.
You were not hungry.

You visited 2 branches of the dungeon, and saw 9 of its levels.
You also visited: Sewer.

You collected 535 gold pieces.

Inventory:

Hand Weapons
 a - a +0 war axe (weapon)
 g - the +2 whip of Anxiety {freeze, +Fly rElec rF+ Stlth-}
   (You found it on level 8 of the Dungeon)

   It has been specially enchanted to freeze those struck by it, causing extra
   injury to most foes and up to half again as much damage against particularly
   susceptible opponents.
   It can also slow down cold-blooded creatures.
   It protects you from fire.
   It insulates you from electricity.
   It lets you fly.
   It makes you less stealthy.
 u - a +0 hunting sling
 M - a cursed -2 hand axe
Missiles
 j - 205 stones (quivered)
 w - 40 sling bullets
 J - 5 javelins
Armour
 c - a +0 shield (worn)
 e - a +2 cloak (worn)
 s - a cursed +0 pair of boots (worn)
 y - a +2 scale mail of cold resistance
 F - a +0 plate armour (worn)
Jewellery
 h - a ring of protection from fire (left hand)
 l - an amulet of regeneration (around neck)
 t - a ring of protection from magic (right hand)
 x - an uncursed ring of ice
 G - an uncursed ring of flight
 H - an uncursed ring of ice
Wands
 n - a wand of paralysis (6)
Scrolls
 b - 2 scrolls of magic mapping {unknown}
 i - 2 scrolls of amnesia
 k - 2 scrolls of enchant weapon {unknown}
 m - a scroll of random uselessness {unknown}
 o - 4 scrolls of remove curse
 r - 2 scrolls of blinking {unknown}
 z - 3 scrolls of enchant armour {unknown}
 D - 4 scrolls of identify
 E - a scroll of fog {unknown}
Potions
 d - 2 potions of might
 p - a potion of mutation
 q - 3 potions of lignification
 v - a potion of curing
 A - 2 potions of flight
 B - a potion of agility
 C - 2 potions of cancellation
 I - 2 potions of haste {unknown}
 K - 2 potions of heal wounds {unknown}
Comestibles
 f - 17 rations
 L - 9 chunks of flesh


   Skills:
 * Level 8.0 Fighting
 + Level 9.3 Axes
 + Level 5.5 Armour
 + Level 2.2 Dodging
 + Level 0.9 Stealth
 * Level 10.6 Shields


You had 9 spell levels left.
You didn't know any spells.
Your spell library was empty.

Dungeon Overview and Level Annotations

Branches:
Dungeon (8/15)             Temple (1/1) D:5
   Lair: D:8-11

Altars:
Ashenzari
Cheibriados
Dithmenos
Elyvilon
Fedhas
Gozag
Kikubaaqudgha
Makhleb
Nemelex Xobeh
Qazlal
Ru
Sif Muna
Trog
Uskayaw
Vehumet
Wu Jian
Xom
Yredelemnul
Zin
The Shining One

Annotations:
D:6 1 runed translucent door Crazy Yiuf, Crazy Yiuf


Innate Abilities, Weirdness & Mutations

You cannot be hasted, slowed, berserked, paralysed or teleported.
You can dig through walls and to a lower floor.
Your four strong arms can wield two-handed weapons with a shield.
You have a pair of large antennae on your head. (SInv)
You are partially covered in yellow scales. (AC +2)
You possess an exceptional clarity of mind.


Message History

Your Fighting skill increases to level 8!
A two-headed ogre comes into view. It is wielding two +0 giant clubs.
The two-headed ogre shouts in stereo!
The two-headed ogre barely misses you.
The two-headed ogre hits you with a +0 giant club!!
You slash the two-headed ogre!
The two-headed ogre is lightly wounded.
The two-headed ogre hits you with a +0 giant club!
The two-headed ogre hits you with a +0 giant club.
You draw a card...
You have drawn Wild Magic.
There is a sudden explosion of magical energy!
The explosion engulfs the two-headed ogre.
The explosion engulfs you!!!
* * * LOW HITPOINT WARNING * * *
You feel a surge of magic.
You hear a shout! x2
You block the two-headed ogre's attack.
The two-headed ogre hits you with a +0 giant club.
You die...
Your body glows slightly and disappears.

#..........#
#..........# #.
#.......... ###......
.........#####........
#.........#.........
#.............#..#
#........>...#...#
#..O@............####
#................#...
...............(......#
....................####
....................##..
........................
......................##
#..............#........
.........#...#......


You could see a two-headed ogre.

Vanquished Creatures
  Pikel (D:6)
  Maurice (D:8)
  Grinder (D:6)
  Sigmund (D:4)
  A human (D:7)
  Eustachio (D:6)
  4 hogs (D:7)
  Menkaure (D:6)
  Duvessa (D:6)
  2 orc warriors
  3 sky beasts (D:8)
  2 ogres
  2 ice beasts
  A centaur (D:7)
  2 bullfrogs
  2 scorpions
  6 wights
  A bullfrog zombie (D:6)
  3 crimson imps
  A hound (D:4)
  A jelly (D:6)
  7 orc wizards
  5 orc priests
  A gnoll shaman (D:4)
  A bullfrog skeleton (D:8)
  2 iguanas
  A hound skeleton (D:6)
  5 gnolls (D:4)
  10 adders
  9 oozes
  An adder zombie (D:5)
  2 worms (D:3)
  17 leopard geckos
  19 orcs
  8 ball pythons
  6 bats
  20 giant cockroaches
  8 goblins
  6 hobgoblins
  15 jackals
  4 kobolds
  5 quokkas
  13 frilled lizards
  A jackal skeleton (D:3)
  A quokka skeleton (D:6)
  8 rats
213 creatures vanquished.

Vanquished Creatures (others)
  A ball lightning (D:6)
  An orc (D:6)
2 creatures vanquished.

Grand Total: 215 creatures vanquished

Notes
Turn   | Place    | Note
-------+----------+-------------------------------------------
     0 | D:1      | Foic the Formicid Fighter began the quest for the Orb.
     0 | D:1      | Reached XP level 1. HP: 18/18 MP: 1/1
   138 | D:1      | Reached XP level 2. HP: 23/24 MP: 2/2
   232 | D:1      | Reached skill level 4 in Shields
   441 | D:1      | Reached XP level 3. HP: 27/30 MP: 3/3
   785 | D:2      | Gained mutation: You are partially covered in yellow
                  | scales. (AC +2) [potion of mutation]
   785 | D:2      | Gained mutation: You possess an exceptional clarity of
                  | mind. [potion of mutation]
   970 | D:2      | Reached XP level 4. HP: 37/37 MP: 4/4
  1318 | D:2      | Reached XP level 5. HP: 42/42 MP: 5/5
  1549 | D:2      | Reached skill level 5 in Shields
  1714 | D:3      | Found a bloodstained altar of Trog.
  1872 | D:3      | Reached XP level 6. HP: 49/49 MP: 6/6
  2476 | D:4      | Reached skill level 1 in Dodging
  2829 | D:4      | Noticed Sigmund
  2846 | D:4      | Killed Sigmund
  2846 | D:4      | Reached skill level 5 in Fighting
  2846 | D:4      | Reached skill level 6 in Shields
  2846 | D:4      | Reached XP level 7. HP: 56/56 MP: 7/7
  3044 | D:5      | Entered Level 5 of the Dungeon
  3155 | D:5      | Reached XP level 8. HP: 34/63 MP: 8/8
  3213 | D:5      | Found a glowing silver altar of Zin.
  3267 | D:5      | Reached skill level 5 in Axes
  3334 | D:5      | Found a staircase to the Ecumenical Temple.
  3339 | Temple   | Entered the Ecumenical Temple
  3506 | Temple   | Became a worshipper of Nemelex Xobeh the Trickster
  3602 | D:5      | Found an opulent altar of Gozag.
  3644 | D:5      | Received a gift from Nemelex Xobeh
  3810 | D:6      | Noticed Duvessa
  3810 | D:6      | Noticed Dowan
  3821 | D:6      | Killed Duvessa
  3821 | D:6      | Reached skill level 7 in Shields
  3831 | D:6      | Noticed Dowan
  3831 | D:6      | Dowan changed into Dowan the jelly
  3834 | D:6      | Killed Dowan the jelly
  3979 | D:6      | Found a glowing drain.
  3997 | Sewer    | Entered a sewer
  4468 | D:6      | Noticed Grinder
  4507 | D:6      | Killed Grinder
  4507 | D:6      | Reached skill level 8 in Shields
  4507 | D:6      | Reached XP level 9. HP: 70/70 MP: 9/9
  4689 | D:6      | Noticed Menkaure
  4693 | D:6      | Killed Menkaure
  4990 | D:6      | Found a runed translucent door.
  4991 | D:6      | Noticed Crazy Yiuf
  5022 | D:6      | Reached * piety under Nemelex Xobeh
  5254 | D:6      | Noticed Eustachio
  5327 | D:6      | Killed Eustachio
  5345 | D:6      | Noticed Pikel
  5362 | D:6      | Killed Pikel
  5362 | D:6      | Reached skill level 5 in Armour
  5362 | D:6      | Reached skill level 9 in Shields
  5917 | D:7      | Reached XP level 10. HP: 67/79 MP: 10/10
  6065 | D:7      | Reached skill level 10 in Shields
  6200 | D:7      | Received a gift from Nemelex Xobeh
  6397 | D:7      | Found a deep blue altar of Sif Muna.
  6631 | D:8      | Noticed Maurice
  6654 | D:8      | Got a polished whip
  6674 | D:8      | Killed Maurice
  6686 | D:8      | Identified the +2 whip of Anxiety {freeze, +Fly rElec rF+
                  | Stlth-} (You found it on level 8 of the Dungeon)
  6692 | D:8      | Reached ** piety under Nemelex Xobeh
  6802 | D:8      | Noticed a two-headed ogre
  6807 | D:8      | HP: 3/80 [card of wild magic (36)]
  6807 | D:8      | Slain by a two-headed ogre

Skill      XL: |  1  2  3  4  5  6  7  8  9 10 |
---------------+-------------------------------+-----
Shields        | 4 5 6 8 9 10 | 10.6
Fighting       | 4 5 6 7 8 |  8.0
Axes           | 3 4 6 8 9 |  9.3
Dodging        | 1 2 |  2.2
Armour         | 4 5 |  5.5
Stealth        | |  0.9

Action                   |  1- 3 |  4- 6 |  7- 9 | 10-12 || total
-------------------------+-------+-------+-------+-------++-------
Melee: War axe           |   140 |   179 |   475 |   164 ||   958
 Abil: Draw Destruction  |       |       |     5 |     1 ||     6
       Draw Escape       |       |       |     1 |       ||     1
  Use: Scroll            |     5 |     1 |     1 |       ||     7
       Potion            |     3 |       |     5 |       ||     8
 Stab: Confused          |       |       |     2 |       ||     2
  Eat: Chunk             |     1 |     6 |     8 |     3 ||    18
       Ration            |       |       |     1 |       ||     1
Armor: Scale mail        |    82 |    86 |    41 |       ||   209
       Plate armour      |       |       |   190 |    74 ||   264
       Skin              |       |       |     5 |       ||     5
Dodge: Dodged            |    49 |    58 |   129 |    26 ||   262
Block: Shield            |    93 |   112 |   308 |    73 ||   586
